 Dungeon Crawl Stone Soup version 0.21-a0-143-g1ab7d47 (webtiles) character file.

79 KristoblXynda the Slasher (level 4, -2/34 HPs)
             Began as a Vampire Berserker on July 25, 2017.
             Was a Believer of Trog.
             Shot with an arrow by a centaur (6 damage)
             ... on level 3 of the Dungeon.
             The game lasted 00:05:23 (1996 turns).

KristoblXynda the Slasher (Vampire Berserker)       Turns: 1996, Time: 00:05:24

Health: -2/34      AC:  8    Str: 21    XL:     4   Next: 17%
Magic:  4/4        EV: 11    Int: 10    God:    Trog [**....]
Gold:   77         SH:  4    Dex: 18    Spells: 3/3 levels left

rFire    . . .     SeeInvis +   a - +0 falchion
rCold    + . .     Gourm    .   (no shield)
rNeg     + + .     Faith    .   p - +2 scale mail {rPois}
rPois    +         Spirit   .   (no helmet)
rElec    .         Reflect  +   (no cloak)
rCorr    .         Harm     .   (no gloves)
MR       .....                  (no boots)
Stlth    ++........             b - +4 amulet of reflection
HPRegen  0.05/turn              d - +5 ring of dexterity
MPRegen  0.09/turn              q - +5 ring of strength

@: regenerating slowly
A: fangs 3, see invisible, unbreathing
a: Bat Form, Berserk, Trog's Hand, Burn Spellbooks, Renounce Religion


You were on level 3 of the Dungeon.
You worshipped Trog.
Trog was pleased with you.
You were thirsty.

You visited 1 branch of the dungeon, and saw 3 of its levels.

You collected 77 gold pieces.

Inventory:

Hand Weapons
 a - a +0 falchion (weapon)
Missiles
 o - 3 steel javelins (quivered)
Armour
 e - a +0 buckler
 p - a +2 scale mail of poison resistance (worn)
Jewellery
 b - a +4 amulet of reflection (around neck)
 d - a +5 ring of dexterity (left hand)
 q - a +5 ring of strength (right hand)
Scrolls
 k - 3 scrolls of enchant armour
 m - a scroll of identify
 n - a scroll of fog {unknown}
Potions
 c - 15 potions of blood
 f - 3 potions of might
 g - 2 potions of curing {unknown}
 h - 2 potions of heal wounds {unknown}
 i - a potion of mutation {unknown}
 j - a potion of ambrosia {unknown}
 l - a potion of agility {unknown}


   Skills:
 - Level 2.6 Fighting
 * Level 4.3 Long Blades
 + Level 2.3 Armour
 - Level 2.1 Dodging
 + Level 1.9 Stealth


You had 3 spell levels left.
You didn't know any spells.

Dungeon Overview and Level Annotations

Branches:
Dungeon (3/15)

Altars:
Cheibriados
Dithmenos


Innate Abilities, Weirdness & Mutations

You heal slowly.
You have razor-sharp teeth.
You have supernaturally acute eyesight. (SInv)
You can survive without breathing.


Message History

Trog accepts your kill.
You see here a dart slug corpse.
A centaur comes into view.
A centaur is nearby!
A centaur is nearby!
The centaur shouts!
The centaur wields a shortbow.
The centaur shoots an arrow.
The arrow hits you but does no damage.
You see here an arrow.
The centaur shoots an arrow.
The arrow hits you!
The centaur shoots an arrow.
You reflect the arrow off an invisible shield around you!
The arrow hits the centaur!
The centaur shoots an arrow.
The arrow hits you!
You see here an arrow.
The centaur shoots an arrow.
The arrow hits you!
* * * LOW HITPOINT WARNING * * *
You see here an arrow.
The centaur shoots an arrow.
The arrow hits you but does no damage.
The centaur shoots an arrow.
The arrow hits you.
You die...

###.# ##'###### #.#.#
#.......#
#.#†######.......#
#####..........).....###
......((.........>......
####..#.#######....<....
#...(..#........###.#
#..#(#.#.###.#..#....
#..##@#.#.#......#.#..
........# #.#.###..#.##.
.##....c# #.#.# #..#.#..
........# #.#.# #..#.##.
####.#..# #.#.# #.......
...... #.#.# #....... #.
.#.# #.#.###...####
....... #...........
#####...####


You could see a centaur.

Vanquished Creatures
  2 adders
  A worm (D:2)
  2 dart slugs
  2 leopard geckos (D:1)
  6 bats
  3 giant cockroaches
  12 goblins
  A hobgoblin (D:1)
  4 jackals (D:2)
  5 kobolds
  A quokka (D:2)
  2 frilled lizards
  10 rats
51 creatures vanquished.

Notes
Turn   | Place    | Note
-------+----------+-------------------------------------------
     0 | D:1      | KristoblXynda the Vampire Berserker began the quest for the Orb.
     0 | D:1      | Reached XP level 1. HP: 17/17 MP: 1/1
    81 | D:1      | Reached XP level 2. HP: 9/23 MP: 2/2
   697 | D:1      | Reached ** piety under Trog
   742 | D:1      | Reached XP level 3. HP: 22/28 MP: 3/3
   981 | D:2      | Reached skill level 4 in Long Blades
  1332 | D:2      | Found a shadowy altar of Dithmenos.
  1434 | D:2      | Reached skill level 1 in Stealth
  1520 | D:2      | Found a snail-covered altar of Cheibriados.
  1817 | D:3      | Reached XP level 4. HP: 34/34 MP: 4/4
  1992 | D:3      | Noticed a centaur
  1996 | D:3      | Shot with an arrow by a centaur

Vault maps used:
D:1:      sevenhm_arrival_forest_fort_small_6, minmay_unequal
D:2:      lemuel_round_altar, lemuel_coloured_pillars_altar, minmay_pentomino_p2
D:3:      minmay_misc_feat_four_crosses, evilmike_ruin_ashenzari

Skill      XL: |  1  2  3 |
---------------+----------+-----
Armour         | 2 |  2.3
Long Blades    | 4 |  4.3
Stealth        | 1 |  1.9
Fighting       | |  2.6
Dodging        | |  2.1

Action                   |  1- 3 |  4- 6 || total
-------------------------+-------+-------++-------
Melee: Falchion          |   132 |    19 ||   151
       Bite              |    14 |     2 ||    16
  Use: Scroll            |     4 |       ||     4
       Potion            |     1 |     1 ||     2
Armor: Animal skin       |    18 |       ||    18
       Scale mail        |    35 |    11 ||    46
Dodge: Dodged            |    84 |     8 ||    92
Block: Other             |    20 |     5 ||    25
       Reflection        |       |     1 ||     1
       Rpst.: Falchion   |    28 |     2 ||    30
